[Event "WYCC 2018 O14"]
[Site "Halkidiki"]
[Date "2018.10.27"]
[Round "8"]
[White "Murzin, Volodar"]
[Black "Suleymanli, Aydin"]
[Result "1/2-1/2"]
[ECO "B13"]
[WhiteElo "2340"]
[BlackElo "2313"]
[Annotator "NA"]
[PlyCount "139"]
[EventDate "2018.10.20"]
[EventType "swiss"]
[EventCountry "GRE"]
[SourceTitle "playchess.com"]
[Source "ChessBase"]
[SourceQuality "1"]
[TimeControl "40/5400+30:1800+30"]

1. e4 c6 2. d4 d5 3. exd5 cxd5 4. Bd3 Nc6 5. c3 Qc7 6. Ne2 Bg4 7. O-O e6 8. Qe1 g6 9. Bf4 Bd6 10. Bxd6 Qxd6 11. Ng3 Nge7 12. Na3 h5 13. f3 Bf5 14. Nxf5 gxf5 15. Qg3 Qd7 16. Kh1 O-O-O 17. b4 h4 18. Qf2 Ng6 19. Qd2 Qd6 20. f4 Nge7 21. Rac1 Kb8 22. Qb2 Ng8 23. Nb5 Qf8 24. c4 Qxb4 25. Qe2 dxc4 26. Bxc4 Nf6 27. Bd3 Rd5 28. Rb1 Qe7 29. Rfc1 Rc8 30. Qf2 Ne4 31. Qe1 Nd6 32. h3 Nxd4 33. Rxc8+ Nxc8 34. Bc4 Rc5 35. Nxd4 Rxc4 36. Nf3 Qc7 37. Qxh4 Rxf4 38. Qf6 Rxf3 39. gxf3 Qg3 40. Qc3 Qxh3+ 41. Kg1 Qg3+ 42. Kf1 Ne7 43. Qa3 Qc7 44. Rd1 b6 45. Qc1 Nd5 46. Qxc7+ Kxc7 47. Rc1+ Kd6 48. Ke2 Ke5 49. Kd3 Kf4 50. Ke2 e5 51. a4 a5 52. Rc6 e4 53. Kf2 Ke5 54. Rc4 Kf4 55. Rc6 f6 56. Rc4 Nb4 57. Ke2 Ke5 58. Ke3 Kd5 59. Rc8 exf3 60. Kxf3 Nd3 61. Rd8+ Kc4 62. Rd6 Ne5+ 63. Kf4 Kc5 64. Rxf6 Nc4 65. Kxf5 Nb2 66. Ke4 Nxa4 67. Kd3 Kb4 68. Kc2 b5 69. Rf4+ Kc5 70. Re4 1/2-1/2

[Event "WYCC 2018 O14"]
[Site "Halkidiki"]
[Date "2018.10.27"]
[Round "8"]
[White "Nogerbek, Kazybek"]
[Black "Avila Pavas, Santiago"]
[Result "1/2-1/2"]
[ECO "B42"]
[WhiteElo "2316"]
[BlackElo "2277"]
[Annotator "NA"]
[PlyCount "73"]
[EventDate "2018.10.20"]
[EventType "swiss"]
[EventCountry "GRE"]
[SourceTitle "playchess.com"]
[Source "ChessBase"]
[SourceQuality "1"]
[TimeControl "40/5400+30:1800+30"]

1. e4 c5 2. Nf3 e6 3. d4 cxd4 4. Nxd4 a6 5. Bd3 Ne7 6. O-O Nbc6 7. Nf3 g6 8. c4 Bg7 9. Qe2 d6 10. Rd1 Qc7 11. Nc3 Ne5 12. Be3 Bd7 13. Rac1 O-O 14. b4 b6 15. Nxe5 Bxe5 16. f4 Bg7 17. Qf2 Rab8 18. f5 exf5 19. exf5 Bxf5 20. Nd5 Nxd5 21. cxd5 Qd7 22. Bxf5 gxf5 23. Rc6 Rfe8 24. Bd4 Bxd4 25. Rxd4 Re5 26. h3 Qe7 27. Qg3+ Kh8 28. Rdc4 Re8 29. Kh2 Rxd5 30. Rc8 Qe5 31. Qxe5+ Rdxe5 32. Rxe8+ Rxe8 33. Rc6 Re2 34. Rxd6 Rxa2 35. Rxb6 Kg7 36. Kg3 a5 37. bxa5 1/2-1/2

[Event "WYCC 2018 O14"]
[Site "Halkidiki"]
[Date "2018.10.27"]
[Round "8"]
[White "Cardoso Cardoso, Jose Gabriel"]
[Black "Huang, Renjie"]
[Result "0-1"]
[ECO "D35"]
[WhiteElo "2313"]
[BlackElo "2322"]
[Annotator "NA"]
[PlyCount "128"]
[EventDate "2018.10.20"]
[EventType "swiss"]
[EventCountry "GRE"]
[SourceTitle "playchess.com"]
[Source "ChessBase"]
[SourceQuality "1"]
[TimeControl "40/5400+30:1800+30"]

1. d4 Nf6 2. c4 e6 3. Nc3 d5 4. cxd5 exd5 5. Bg5 c6 6. e3 Bf5 7. Qf3 Bg6 8. Bxf6 gxf6 9. h4 Qb6 10. O-O-O h5 11. Qxf6 Rg8 12. Bd3 Nd7 13. Qf3 Bb4 14. Nge2 O-O-O 15. g3 Qa5 16. a3 Bd6 17. e4 dxe4 18. Nxe4 Nb6 19. N2c3 Bxa3 20. bxa3 f5 21. Nb1 fxe4 22. Bxe4 Bxe4 23. Qxe4 Rge8 24. Qc2 Na4 25. Qd2 Qa6 26. Rhe1 Rxe1 27. Rxe1 Nc5 28. Re3 Qc4+ 29. Qc3 Qf1+ 30. Kc2 Qxf2+ 31. Nd2 Qf5+ 32. Kc1 Ne6 33. Re5 Qf6 34. Qf3 Qxf3 35. Nxf3 Nxd4 36. Ng5 Kc7 37. Ne4 Rd5 38. Re7+ Kb6 39. Nc3 Ra5 40. a4 Nf5 41. Rh7 Nxg3 42. Kd2 Rf5 43. Rg7 Rf2+ 44. Ke1 Rf3 45. Kd2 Nf5 46. Rg5 Nxh4 47. Rxh5 Nf5 48. Rh7 Nd6 49. Kc2 a5 50. Rh6 Kc5 51. Rh5+ Rf5 52. Rh7 Rf4 53. Kb3 Rb4+ 54. Kc2 Rg4 55. Kb3 Rg3 56. Rh5+ Kb6 57. Kc2 Rg4 58. Rh6 Ne4 59. Nd5+ Ka7 60. Ne7 Nc5 61. Rh7 Rc4+ 62. Kb2 Nxa4+ 63. Kb3 Rb4+ 64. Ka3 Ka6 0-1

[Event "WYCC 2018 O14"]
[Site "Halkidiki"]
[Date "2018.10.27"]
[Round "8"]
[White "Krastev, Alexander"]
[Black "Juhasz, Agoston"]
[Result "1-0"]
[ECO "A00"]
[WhiteElo "2298"]
[BlackElo "2174"]
[Annotator "NA"]
[PlyCount "89"]
[EventDate "2018.10.20"]
[EventType "swiss"]
[EventCountry "GRE"]
[SourceTitle "playchess.com"]
[Source "ChessBase"]
[SourceQuality "1"]
[TimeControl "40/5400+30:1800+30"]

1. a3 d5 2. Nf3 Nf6 3. g3 c6 4. Bg2 Bg4 5. d3 Nbd7 6. Nbd2 e5 7. e4 Bc5 8. O-O O-O 9. h3 Bxf3 10. Qxf3 Re8 11. Re1 a5 12. Nf1 a4 13. g4 dxe4 14. dxe4 Nf8 15. Ng3 Ne6 16. c3 Nd7 17. Nf5 Qb6 18. Bf1 Rad8 19. Bc4 Bf8 20. g5 Qc7 21. Be3 Nf4 22. Rad1 b5 23. Bf1 Nc5 24. Rxd8 Rxd8 25. Bxf4 exf4 26. Nd4 Qe5 27. Nxc6 Qxg5+ 28. Qg2 Qxg2+ 29. Kxg2 Rd2 30. Re2 Rd6 31. Nd4 Rg6+ 32. Kh2 Rb6 33. f3 Nb7 34. Rg2 Nd6 35. Rg5 f5 36. Nxf5 Nf7 37. Rg4 h5 38. Rg2 Ne5 39. Nd4 Bc5 40. Be2 Kf7 41. Rg5 Bd6 42. Rxh5 Kg6 43. Rf5 Nc4 44. Rxb5 Rxb5 45. Nxb5 1-0

[Event "WYCC 2018 O14"]
[Site "Halkidiki"]
[Date "2018.10.27"]
[Round "8"]
[White "Ozenir, Ekin Baris"]
[Black "Srihari L R"]
[Result "1-0"]
[ECO "D31"]
[WhiteElo "2293"]
[BlackElo "2170"]
[Annotator "NA"]
[PlyCount "113"]
[EventDate "2018.10.20"]
[EventType "swiss"]
[EventCountry "GRE"]
[SourceTitle "playchess.com"]
[Source "ChessBase"]
[SourceQuality "1"]
[TimeControl "40/5400+30:1800+30"]

1. d4 d5 2. c4 e6 3. Nc3 f5 4. g3 Nf6 5. Bg2 c6 6. Nf3 Bd6 7. O-O O-O 8. b3 Nbd7 9. Bb2 Qe7 10. Ne1 b6 11. Rc1 Bb7 12. Nd3 Ne4 13. e3 Rac8 14. Rc2 Rfd8 15. Qc1 a5 16. Rd1 Ba6 17. Ne2 b5 18. c5 Bb8 19. b4 axb4 20. Nxb4 Bb7 21. f3 Nef6 22. f4 Ne4 23. Bc3 Ba7 24. Be1 Nexc5 25. dxc5 Bxc5 26. Nd3 Ba3 27. Qb1 c5 28. Bc3 b4 29. Bb2 Bxb2 30. Qxb2 Bc6 31. Rcc1 Ba4 32. Re1 Nb6 33. Ne5 Ra8 34. a3 b3 35. Red1 c4 36. Nd4 Rdc8 37. g4 g6 38. gxf5 gxf5 39. Kh1 Kf8 40. Rg1 Ke8 41. Bf3 Kd8 42. Rg8+ Kc7 43. Rg7 Qxg7 44. Nxe6+ Kb8 45. Nxg7 Bb5 46. Qd4 Ra6 47. Nxf5 Rc7 48. Bd1 Na4 49. Rb1 Nb6 50. h4 Ka7 51. Nd6 Ba4 52. Qc3 Nd7 53. Bxb3 Nxe5 54. Bxa4 Rxd6 55. Qxe5 Rb7 56. Rxb7+ Kxb7 57. Qxd6 1-0

[Event "WYCC 2018 O14"]
[Site "Halkidiki"]
[Date "2018.10.27"]
[Round "8"]
[White "Trifan, Andrei Ioan"]
[Black "Mishra, Abhimanyu"]
[Result "1-0"]
[ECO "B44"]
[WhiteElo "2290"]
[BlackElo "2149"]
[Annotator "NA"]
[PlyCount "131"]
[EventDate "2018.10.20"]
[EventType "swiss"]
[EventCountry "GRE"]
[SourceTitle "playchess.com"]
[Source "ChessBase"]
[SourceQuality "1"]
[TimeControl "40/5400+30:1800+30"]

1. e4 c5 2. Nf3 e6 3. d4 cxd4 4. Nxd4 Nc6 5. Nb5 d6 6. c4 a6 7. N5c3 Nf6 8. Be2 Ne5 9. Be3 Be7 10. O-O b6 11. Na3 O-O 12. f3 Bb7 13. Qd4 Ned7 14. Rfd1 Qc7 15. Rac1 Rac8 16. Kh1 Rfe8 17. Qd2 h6 18. Bf1 Kh8 19. Nc2 Kg8 20. Qf2 Red8 21. Nd4 Re8 22. a3 Ne5 23. b4 Ned7 24. Nb3 Ba8 25. Rc2 Kh8 26. Rb1 Rb8 27. Rcc1 Kg8 28. a4 Ne5 29. Na2 Ned7 30. a5 bxa5 31. Nxa5 Qd8 32. Rb2 Nb6 33. Rd2 Qc7 34. Bf4 Nbd7 35. c5 e5 36. cxd6 Qd8 37. dxe7 Qxe7 38. Be3 Bb7 39. Rc7 Ba8 40. Bxa6 Rxb4 41. Nxb4 Qxb4 42. Rcxd7 Nxd7 43. Rxd7 Qxa5 44. Bc4 Rf8 45. h4 Qa4 46. Rc7 Qd1+ 47. Kh2 Qd6 48. Ra7 Qb4 49. Bc5 Qxc4 50. Bxf8 Bc6 51. Qc5 Qxc5 52. Bxc5 f6 53. Kg3 Bb5 54. Kf2 Bc4 55. Ke3 Be6 56. g3 h5 57. f4 exf4+ 58. Kxf4 Bg4 59. Bd4 Kf8 60. e5 fxe5+ 61. Bxe5 g6 62. Kg5 Bf5 63. Rg7 Be4 64. Rxg6 Bxg6 65. Kxg6 Ke7 66. Kxh5 1-0

[Event "WYCC 2018 O14"]
[Site "Halkidiki"]
[Date "2018.10.27"]
[Round "8"]
[White "Subelj, Jan"]
[Black "Tanriverdi, Enes"]
[Result "1-0"]
[ECO "B40"]
[WhiteElo "2281"]
[BlackElo "2317"]
[Annotator "NA"]
[PlyCount "115"]
[EventDate "2018.10.20"]
[EventType "swiss"]
[EventCountry "GRE"]
[SourceTitle "playchess.com"]
[Source "ChessBase"]
[SourceQuality "1"]
[TimeControl "40/5400+30:1800+30"]

1. e4 c5 2. Nf3 e6 3. c4 Nc6 4. Nc3 Nf6 5. Be2 e5 6. d3 d6 7. O-O g6 8. a3 Bg7 9. b4 b6 10. b5 Ne7 11. a4 O-O 12. Nd2 Bb7 13. Bb2 Nd7 14. Qc2 f5 15. Nd5 Nxd5 16. cxd5 Nf6 17. Nc4 f4 18. a5 g5 19. axb6 axb6 20. Rxa8 Bxa8 21. Ra1 Bb7 22. Qd1 Rf7 23. Bc3 h6 24. Be1 Rf8 25. Qa4 Nxd5 26. Qa7 Qe7 27. exd5 e4 28. Rd1 f3 29. Bf1 fxg2 30. Bxg2 exd3 31. Qa2 Bd4 32. Qd2 Bc8 33. Qxd3 Bg4 34. Qg6+ Bg7 35. Rc1 Bf5 36. Qxd6 Qe2 37. Bf1 Qe4 38. Bg2 Qe2 39. Bf1 Qe4 40. Qg3 Qxd5 41. Ne3 Qf7 42. Nxf5 Qxf5 43. Bc3 Bxc3 44. Bc4+ Kg7 45. Qxc3+ Rf6 46. Qg3 h5 47. Bd3 Qd5 48. Re1 h4 49. Qc7+ Rf7 50. Re7 Rxe7 51. Qxe7+ Kg8 52. Qe8+ Kg7 53. Qg6+ Kf8 54. Qf6+ Kg8 55. Bf1 c4 56. Qc6 Qd1 57. Qxc4+ Kg7 58. h3 1-0

[Event "WYCC 2018 O14"]
[Site "Halkidiki"]
[Date "2018.10.27"]
[Round "8"]
[White "Manafov, Vugar"]
[Black "Stremavicius, Pijus"]
[Result "1/2-1/2"]
[ECO "A05"]
[WhiteElo "2245"]
[BlackElo "2024"]
[Annotator "NA"]
[PlyCount "116"]
[EventDate "2018.10.20"]
[EventType "swiss"]
[EventCountry "GRE"]
[SourceTitle "playchess.com"]
[Source "ChessBase"]
[SourceQuality "1"]
[TimeControl "40/5400+30:1800+30"]

1. Nf3 Nf6 2. g3 d5 3. Bg2 e6 4. O-O c5 5. d3 Be7 6. Nc3 Nc6 7. e4 O-O 8. h3 b6 9. Re1 Bb7 10. exd5 Nxd5 11. Nxd5 exd5 12. d4 cxd4 13. Nxd4 Nxd4 14. Qxd4 Bf6 15. Qd1 Qc8 16. c3 d4 17. cxd4 Bxg2 18. Kxg2 Qd7 19. Be3 Rfd8 20. Qf3 Rac8 21. Re2 Qd5 22. Rd2 h5 23. h4 b5 24. Qxd5 Rxd5 25. Kf3 g6 26. Ke4 Rcd8 27. Rc1 Bg7 28. Rcd1 f5+ 29. Kf3 Kf7 30. a3 Rc8 31. Ke2 a5 32. Kd3 a4 33. Rc2 Rxc2 34. Kxc2 Ke6 35. b3 f4 36. Bxf4 Rxd4 37. Re1+ Kf5 38. Re7 Bf6 39. Rb7 Rd5 40. bxa4 bxa4 41. Rf7 Ke6 42. Ra7 Rc5+ 43. Kd2 Rc4 44. Rb7 Kf5 45. Be3 Ke4 46. Rb6 Kf5 47. Ke2 Rc2+ 48. Kd1 Rc4 49. Bd2 Rc8 50. Rb4 Ra8 51. Rf4+ Ke6 52. Bb4 Rc8 53. Bd2 Ra8 54. Ke2 Ra6 55. Rc4 Kd5 56. Kd3 Bb2 57. Bb4 Rc6 58. Rf4 Rf6 {[%emt 0:01:04] Ke4+} 1/2-1/2

[Event "WYCC 2018 O14"]
[Site "Halkidiki"]
[Date "2018.10.27"]
[Round "8"]
[White "Boyer, Mahel"]
[Black "Raja Rithvik R"]
[Result "0-1"]
[ECO "A09"]
[WhiteElo "2227"]
[BlackElo "2421"]
[Annotator "NA RC"]
[PlyCount "92"]
[EventDate "2018.10.20"]
[EventType "swiss"]
[EventCountry "GRE"]
[SourceTitle "playchess.com"]
[Source "ChessBase"]
[SourceQuality "1"]
[TimeControl "40/5400+30:1800+30"]

1. Nf3 d5 2. c4 d4 3. g3 Nc6 4. Bg2 e5 5. d3 Bb4+ 6. Bd2 a5 7. O-O Nf6 8. Na3 O-O 9. Nc2 Bd6 10. b3 Qe7 11. e3 dxe3 12. Bxe3 Bg4 13. h3 Bh5 14. g4 Bg6 15. d4 Rfd8 16. d5 Nb4 17. Nxb4 axb4 18. Bg5 h6 19. Bh4 e4 20. Nd4 Be5 21. f4 exf3 22. Rxf3 Qc5 23. Bf2 Ne4 24. Ne6 Nxf2 25. Nxc5 Nxd1 26. Rxd1 Rxa2 27. Nxb7 Rb8 28. Nc5 Bc2 29. Rd2 Bc3 30. Na6 Bxd2 31. Nxb8 Be4 32. Nc6 Bxf3 33. Bxf3 Ra3 34. Bd1 Ra1 35. Kf1 Rxd1+ 36. Ke2 Rb1 37. Kxd2 Rxb3 38. c5 Rc3 39. Nxb4 Rxc5 40. Kd3 Kf8 41. Kd4 Rc1 42. Nd3 Rd1 43. Kc4 Ke7 44. Ne5 Rh1 45. Nc6+ Kd6 46. Nd4 Rc1+ 0-1

[Event "WYCC 2018 O14"]
[Site "Halkidiki"]
[Date "2018.10.27"]
[Round "8"]
[White "Van Dael, Siem"]
[Black "Pogosyan, Stefan"]
[Result "1-0"]
[ECO "B33"]
[WhiteElo "2202"]
[BlackElo "2373"]
[Annotator "NA"]
[PlyCount "95"]
[EventDate "2018.10.20"]
[EventType "swiss"]
[EventCountry "GRE"]
[SourceTitle "playchess.com"]
[Source "ChessBase"]
[SourceQuality "1"]
[TimeControl "40/5400+30:1800+30"]

1. e4 c5 2. Nf3 Nc6 3. d4 cxd4 4. Nxd4 e6 5. Nc3 Nf6 6. Ndb5 d6 7. Bf4 e5 8. Bg5 a6 9. Na3 b5 10. Nd5 Be7 11. Bxf6 Bxf6 12. c3 Bg5 13. Nc2 Rb8 14. a4 bxa4 15. Ncb4 Bd7 16. Bxa6 Nxb4 17. Nxb4 O-O {[%emt 0:07:00] LiveBook: 28 Games} 18. O-O $11 Qb6 19. Qd3 Qc5 20. Rfd1 Be7 21. Rd2 f5 22. Bc4+ Kh8 23. Na6 Qb6 24. Nxb8 Qxb8 25. Bd5 Bg5 26. Re2 fxe4 27. Bxe4 g6 28. Rd1 Rf6 29. f3 Qb6+ 30. Kh1 Bb5 31. c4 Bd7 32. Qa3 Be8 33. g3 h5 34. Qc3 Kg7 35. Bd5 Rf8 36. h4 Bf6 37. Qa3 Qc7 38. b3 axb3 39. Qxb3 Bd7 40. Rb1 Bf5 41. Qb7 Rc8 42. Rb6 Be7 43. Ra2 Qd8 44. Ra7 Kf6 45. Kg2 Qf8 46. Rxd6+ Bxd6 47. Qf7+ Qxf7 48. Rxf7# 1-0

[Event "WYCC 2018 O14"]
[Site "Halkidiki"]
[Date "2018.10.27"]
[Round "8"]
[White "Fecker, Noah"]
[Black "Boulos, Carlos"]
[Result "1/2-1/2"]
[ECO "C63"]
[WhiteElo "2184"]
[BlackElo "2003"]
[Annotator "NA"]
[PlyCount "91"]
[EventDate "2018.10.20"]
[EventType "swiss"]
[EventCountry "GRE"]
[SourceTitle "playchess.com"]
[Source "ChessBase"]
[SourceQuality "1"]
[TimeControl "40/5400+30:1800+30"]

1. e4 e5 2. Nf3 Nc6 3. Bb5 f5 4. d3 fxe4 5. dxe4 Nf6 6. O-O d6 7. Nc3 Be7 8. Qd3 O-O 9. Ng5 Qe8 10. Qc4+ Kh8 11. Ne6 Bxe6 12. Qxe6 Nd4 13. Bxe8 Nxe6 14. Ba4 Nc5 15. Bg5 c6 16. Bb3 a5 17. f3 b5 18. a3 Nxb3 19. cxb3 Bd8 20. Be3 Ra6 21. Rfd1 Ne8 22. Kf2 Bb6 23. Bxb6 Rxb6 24. b4 a4 25. Rac1 Kg8 26. Rd2 Kf7 27. Nd1 Ke6 28. Ne3 g6 29. Rcd1 Rf7 30. h4 Rbb7 31. Ke2 Rfd7 32. Rc1 Rdc7 33. Rdc2 Kd7 34. h5 Ng7 35. hxg6 hxg6 36. Rh1 Nh5 37. Kf2 Ke6 38. Rhc1 Kd7 39. g3 Rb8 40. Rh1 Ke6 41. Nd5 Rcc8 42. Rhc1 Kd7 43. Ne3 Rc7 44. Ng2 Rf8 45. Nh4 Rf6 46. Ng2 1/2-1/2

[Event "WYCC 2018 O14"]
[Site "Halkidiki"]
[Date "2018.10.27"]
[Round "8"]
[White "Vitenberg, Noam Aviv"]
[Black "Gharibyan, Mamikon"]
[Result "0-1"]
[ECO "A46"]
[WhiteElo "2175"]
[BlackElo "2314"]
[Annotator "NA"]
[PlyCount "124"]
[EventDate "2018.10.20"]
[EventType "swiss"]
[EventCountry "GRE"]
[SourceTitle "playchess.com"]
[Source "ChessBase"]
[SourceQuality "1"]
[TimeControl "40/5400+30:1800+30"]

1. d4 Nf6 2. Nf3 e6 3. g3 b5 4. Bg2 Bb7 5. O-O Be7 6. Qd3 a6 7. a4 b4 8. c4 bxc3 9. Nxc3 d5 10. Rd1 Nc6 11. Na2 O-O 12. Bf4 a5 13. Rac1 Ra6 14. Qc2 Rb6 15. Ne5 Bd6 16. Qd2 Qa8 17. Nc3 Ba6 18. Nxc6 Rxc6 19. Bxd6 cxd6 20. f3 Rb8 21. e4 Rcb6 22. Rc2 Bc4 23. Re1 Bb3 24. Rcc1 Rb4 25. Ra1 dxe4 26. fxe4 Qa7 27. Nb5 Qb6 28. Kh1 Bxa4 29. Nxd6 Qxd6 30. e5 Qxd4 31. Qxd4 Rxd4 32. exf6 gxf6 33. Re2 Bb3 34. h3 a4 35. g4 Kg7 36. Rf2 Rbd8 37. Raf1 Rd1 38. Kh2 Rxf1 39. Bxf1 Rd4 40. Kg3 Rb4 41. Bg2 Ba2 42. Bc6 Bb1 43. Rd2 f5 44. Rf2 Kf6 45. Rf1 Rxb2 46. Bxa4 Be4 47. Bd1 Ke5 48. gxf5 exf5 49. Bh5 f4+ 50. Kh4 f5 51. Bd1 Rh2 52. Bf3 Bxf3 53. Rxf3 Ke4 54. Ra3 f3 55. Ra4+ Ke3 56. Ra3+ Kf2 57. Ra2+ Kg1 58. Ra1+ Kg2 59. Ra3 Rxh3+ 60. Kg5 f2 61. Ra2 Kg1 62. Rxf2 Kxf2 0-1

[Event "WYCC 2018 O14"]
[Site "Halkidiki"]
[Date "2018.10.27"]
[Round "8"]
[White "Lopez Varela, Pablo"]
[Black "Nguyen, Huynh Minh Thien"]
[Result "1-0"]
[ECO "B10"]
[WhiteElo "2172"]
[BlackElo "1996"]
[Annotator "NA"]
[PlyCount "125"]
[EventDate "2018.10.20"]
[EventType "swiss"]
[EventCountry "GRE"]
[SourceTitle "playchess.com"]
[Source "ChessBase"]
[SourceQuality "1"]
[TimeControl "40/5400+30:1800+30"]

1. e4 c6 2. Nf3 d5 3. exd5 cxd5 4. Ne5 Nc6 5. d4 Bf5 6. g4 Be6 7. f4 Nf6 8. f5 Bd7 9. Bg2 e6 10. O-O Be7 11. g5 Ne4 12. Nxf7 Kxf7 13. fxe6+ Ke8 14. exd7+ Qxd7 15. c3 Rf8 16. Bf4 Bxg5 17. Bxg5 Rxf1+ 18. Bxf1 Nxg5 19. Qh5+ Nf7 20. Nd2 Kf8 21. Bg2 Rd8 22. Qxh7 Qe7 23. Rf1 Qg5 24. Kh1 Ne7 25. Nf3 Qh6 26. Qd3 Kg8 27. Ne5 Rf8 28. Qf3 Qf6 29. Qxf6 gxf6 30. Nd7 Rd8 31. Nxf6+ Kg7 32. Nh5+ Kg8 33. Nf6+ Kg7 34. Nh5+ Kg8 35. Bh3 Nd6 36. Be6+ Kh8 37. Ng3 Kg7 38. Kg2 Rh8 39. h3 Rh6 40. Bg4 Ng6 41. Nf5+ Nxf5 42. Bxf5 Ne7 43. Bd3 Re6 44. h4 Ng8 45. Kg3 Nf6 46. Kf4 Ne4 47. Rg1+ Kh6 48. Kf5 Re8 49. Rg6+ Kh5 50. Re6 Rf8+ 51. Ke5 Nf2 52. Be2+ Kxh4 53. Kxd5 Rf7 54. Kd6 Nh3 55. Bc4 Rf2 56. Re2 Rf6+ 57. Ke7 Rh6 58. d5 Kg5 59. d6 Rh7+ 60. Bf7 Nf4 61. Re5+ Kg4 62. Re4 Kf5 63. Rxf4+ 1-0

[Event "WYCC 2018 O14"]
[Site "Halkidiki"]
[Date "2018.10.27"]
[Round "8"]
[White "Turgut, Aydin"]
[Black "Dardha, Daniel"]
[Result "0-1"]
[ECO "B29"]
[WhiteElo "2156"]
[BlackElo "2316"]
[Annotator "NA"]
[PlyCount "140"]
[EventDate "2018.10.20"]
[EventType "swiss"]
[EventCountry "GRE"]
[SourceTitle "playchess.com"]
[Source "ChessBase"]
[SourceQuality "1"]
[TimeControl "40/5400+30:1800+30"]

1. e4 c5 2. Nf3 Nf6 3. Nc3 d5 4. exd5 Nxd5 5. Bb5+ Bd7 6. Bxd7+ Qxd7 7. Nxd5 Qxd5 8. d4 e6 9. O-O Nc6 10. dxc5 Qxd1 11. Rxd1 Bxc5 12. Bf4 Ke7 13. c3 Rhd8 14. b4 Bd6 15. Bxd6+ Rxd6 16. Rxd6 Kxd6 17. Rd1+ Ke7 18. Kf1 Rc8 19. Ke2 f6 20. a4 e5 21. Nd2 Nd8 22. Kd3 Ne6 23. g3 f5 24. f3 Kf6 25. Re1 Ng5 26. Re3 h5 27. h4 Ne6 28. Re1 g5 29. hxg5+ Nxg5 30. Rf1 Kg6 31. a5 a6 32. Rf2 Ne6 33. Rf1 f4 34. gxf4 Nxf4+ 35. Kc2 Nd5 36. Rg1+ Kh6 37. Ne4 Nxb4+ 38. Kd2 Nc6 39. Ke2 Nxa5 40. Nd6 Rf8 41. Ke3 Rf6 42. Rd1 Rf4 43. Rb1 b5 44. Ra1 Ra4 45. Rd1 Nc4+ 46. Nxc4 Rxc4 47. Rd6+ Kg5 48. Rxa6 Rxc3+ 49. Ke4 Rc4+ 50. Kxe5 Rf4 51. Ra1 Rxf3 52. Rg1+ Kh4 53. Rb1 Kg4 54. Rg1+ Rg3 55. Rb1 Re3+ 56. Kd4 Re8 57. Rxb5 h4 58. Rb7 Rg8 59. Rb1 Kf3 60. Rb3+ Kf4 61. Rb1 Rd8+ 62. Kc4 h3 63. Rb7 Rh8 64. Rf7+ Ke3 65. Re7+ Kd2 66. Rd7+ Kc2 67. Rf7 h2 68. Rf2+ Kd1 69. Rf1+ Ke2 70. Rh1 Kf2 0-1

[Event "WYCC 2018 O14"]
[Site "Halkidiki"]
[Date "2018.10.27"]
[Round "8"]
[White "Patrelakis, Evaggelos"]
[Black "Bolognese, Leonardo"]
[Result "1-0"]
[ECO "C03"]
[WhiteElo "2146"]
[BlackElo "1947"]
[Annotator "NA"]
[PlyCount "113"]
[EventDate "2018.10.20"]
[EventType "swiss"]
[EventCountry "GRE"]
[SourceTitle "playchess.com"]
[Source "ChessBase"]
[SourceQuality "1"]
[TimeControl "40/5400+30:1800+30"]

1. e4 e6 2. d4 d5 3. Nd2 h6 4. Ngf3 Nf6 5. e5 Nfd7 6. c4 c5 7. cxd5 exd5 8. Bd3 Qb6 9. O-O Be7 10. Re1 O-O 11. Bb1 Re8 12. a3 cxd4 13. Nb3 Nc5 14. Nbxd4 Ne6 15. Nxe6 Bxe6 16. Qc2 g6 17. Bxh6 Nc6 18. Qd2 Na5 19. Be3 Qd8 20. Nd4 Nc4 21. Nxe6 Qd7 22. Qe2 Qxe6 23. Bd4 b6 24. Bd3 Rac8 25. Rad1 Bc5 26. Bxc5 Rxc5 27. f4 b5 28. Qf2 Qb6 29. Kh1 Rc6 30. Qe2 d4 31. Rc1 Rec8 32. f5 gxf5 33. Bxf5 R8c7 34. Qg4+ Kf8 35. Rcd1 Ne3 36. Rxe3 dxe3 37. Rd8+ Ke7 38. Qg5+ Rf6 39. Rd7+ Rxd7 40. exf6+ Qxf6 41. Qxe3+ Kd8 42. Bxd7 Kxd7 43. Qxa7+ Ke8 44. Qb8+ Ke7 45. Qxb5 Qf2 46. Qe5+ Kd7 47. h3 f5 48. a4 f4 49. b3 Qf1+ 50. Kh2 Qf2 51. Qd5+ Kc7 52. Qf3 Qd4 53. a5 Qd6 54. a6 Kb6 55. Qb7+ Ka5 56. b4+ Ka4 57. Qf3 1-0

[Event "WYCC 2018 O14"]
[Site "Halkidiki"]
[Date "2018.10.27"]
[Round "8"]
[White "Galkin, Gleb"]
[Black "Chatzieleftheriou, Andreas"]
[Result "1/2-1/2"]
[ECO "E16"]
[WhiteElo "2134"]
[BlackElo "1984"]
[Annotator "NA"]
[PlyCount "95"]
[EventDate "2018.10.20"]
[EventType "swiss"]
[EventCountry "GRE"]
[SourceTitle "playchess.com"]
[Source "ChessBase"]
[SourceQuality "1"]
[TimeControl "40/5400+30:1800+30"]

1. d4 Nf6 2. Nf3 e6 3. c4 Bb4+ 4. Bd2 Qe7 5. g3 Nc6 6. Bg2 Bxd2+ 7. Nbxd2 d6 8. O-O O-O 9. e4 e5 10. d5 Nb8 11. Ne1 a5 12. Nd3 Na6 13. f4 Bg4 14. Qe1 exf4 15. gxf4 Nb4 16. Nxb4 axb4 17. Qg3 Rfe8 18. Rae1 Bd7 19. Qb3 Nh5 20. e5 Qh4 21. e6 fxe6 22. dxe6 Bxe6 23. Qxb4 Nxf4 24. Qxb7 Bh3 25. Rxe8+ Rxe8 26. Qf3 Rf8 27. Qd5+ Kh8 28. Bxh3 Nxh3+ 29. Kh1 Nf2+ 30. Kg1 h6 31. Qg2 Nh3+ 32. Kh1 Rf2 33. Rxf2 Nxf2+ 34. Kg1 Nd3 35. Nf3 Qe4 36. b3 Qe3+ 37. Kh1 Nf2+ 38. Kg1 Nh3+ 39. Kf1 Nf4 40. Qg3 Qe2+ 41. Kg1 Qd1+ 42. Kf2 Nd3+ 43. Ke3 Nc1 44. Qe1 Qd3+ 45. Kf2 Nxa2 46. Qe8+ Kh7 47. Ng5+ hxg5 48. Qh5+ 1/2-1/2

[Event "WYCC 2018 O14"]
[Site "Halkidiki"]
[Date "2018.10.27"]
[Round "8"]
[White "Marn, Jan"]
[Black "Ognean, Mihnea-Ionut"]
[Result "0-1"]
[ECO "E22"]
[WhiteElo "2125"]
[BlackElo "2291"]
[Annotator "NA"]
[PlyCount "82"]
[EventDate "2018.10.20"]
[EventType "swiss"]
[EventCountry "GRE"]
[SourceTitle "playchess.com"]
[Source "ChessBase"]
[SourceQuality "1"]
[TimeControl "40/5400+30:1800+30"]

1. d4 Nf6 2. c4 e6 3. Nc3 Bb4 4. Qb3 a5 5. a3 a4 6. Qc2 Bxc3+ 7. bxc3 O-O 8. e4 d6 9. Nf3 e5 10. Bd3 Nc6 11. d5 Nb8 12. c5 Nbd7 13. cxd6 cxd6 14. Be3 Qc7 15. O-O Nc5 16. Bxc5 Qxc5 17. Rfb1 Ra7 18. Rb4 Bd7 19. Rc4 Qa5 20. Rb1 h6 21. Nd2 b5 22. Rcb4 Rc8 23. Qb2 Rac7 24. c4 Qb6 25. h3 Nh5 26. cxb5 Rc3 27. Bc4 Rg3 28. Nf1 Rg6 29. Kh2 f5 30. Ne3 fxe4 31. Rxa4 Nf4 32. Ra6 Qd4 33. Qxd4 exd4 34. b6 dxe3 35. b7 Rxg2+ 36. Kh1 exf2 37. bxc8=Q+ Bxc8 38. Ra8 Rg3 39. Rxc8+ Kh7 40. Bf1 e3 41. Kh2 e2 0-1

[Event "WYCC 2018 O14"]
[Site "Halkidiki"]
[Date "2018.10.27"]
[Round "8"]
[White "Torngren, Gustav"]
[Black "Tadic, Stefan"]
[Result "1/2-1/2"]
[ECO "D34"]
[WhiteElo "2107"]
[BlackElo "2295"]
[Annotator "NA"]
[PlyCount "71"]
[EventDate "2018.10.20"]
[EventType "swiss"]
[EventCountry "GRE"]
[SourceTitle "playchess.com"]
[Source "ChessBase"]
[SourceQuality "1"]
[TimeControl "40/5400+30:1800+30"]

1. c4 Nf6 2. g3 c5 3. Bg2 Nc6 4. Nc3 e6 5. Nf3 d5 6. cxd5 exd5 7. d4 Be7 8. dxc5 d4 9. Nb1 Bxc5 10. O-O O-O 11. a3 a6 12. b4 Ba7 13. Bb2 Re8 14. Nbd2 Be6 15. Rc1 Qd7 16. Ne1 Bd5 17. Ndf3 Rad8 18. Nd3 Qe7 19. Re1 Ne4 20. Qc2 f6 21. Qb1 Qf7 22. Qa1 Bc4 23. Nfe5 Nxe5 24. Bxe4 Bd5 25. Bxd5 Qxd5 26. Nf4 Qb3 27. Qb1 d3 28. Bxe5 Qxb1 29. Rxb1 d2 30. Red1 fxe5 31. Nd3 Bd4 32. Nc5 e4 33. e3 Bxc5 34. bxc5 Re5 35. Rxb7 Rxc5 36. Kf1 1/2-1/2